 Dungeon Crawl Stone Soup version 0.32-a0-666-ge8a88695a4 (webtiles) character file.

Game seed: 14015696846392202251

129 Zonian the Prestidigitator (level 5, -4/40 HPs)
             Began as a Gnoll Wanderer on Mar 9, 2024.
             Killed from afar by Pikel (12 damage)
             ... with a puff of flame
             ... on level 5 of the Dungeon.
             The game lasted 00:07:38 (2451 turns).

Zonian the Prestidigitator (Gnoll Wanderer)         Turns: 2451, Time: 00:07:38

Health: -4/40      AC:  5    Str: 10    XL:     5   Next: 12%
Magic:  9/9        EV: 12    Int: 13    God:
Gold:   108        SH:  0    Dex: 13    Spells: 9/10 levels left

rFire   . . .        h - +3 dagger (holy) {short}
rCold   + . .        (no shield)
rNeg    . . .        d - +0 robe
rPois   +            b - +0 helmet
rElec   .            n - +0 cloak
rCorr   .            o - +0 pair of gloves
SInv    .            (no boots)
Will    .....        (no amulet)
Stlth   +++          f - ring of protection from cold
HPRegen 0.26/turn    j - ring of poison resistance
MPRegen 0.11/turn

%: no passive effects
@: mighty
A: fangs 1, strong nose, distributed training
a: no special abilities


You were on level 5 of the Dungeon.
You visited 1 branch of the dungeon, and saw 4 of its levels.

You collected 108 gold pieces.


Innate Abilities, Weirdness & Mutations

You have very sharp teeth.
Your uncanny sense of smell can sniff out nearby items.
Your experience applies equally to all skills.


   Skills:
 + Level 2.9 Fighting
 + Level 1.4 Short Blades
 + Level 1.4 Long Blades
 + Level 1.4 Axes
 + Level 1.4 Maces & Flails
 + Level 1.4 Polearms
 + Level 1.4 Staves
 + Level 1.4 Ranged Weapons
 + Level 1.4 Throwing
 + Level 1.4 Armour
 + Level 1.4 Dodging
 + Level 4.4 Stealth
 + Level 1.4 Shields
 + Level 1.4 Unarmed Combat
 + Level 3.1 Spellcasting
 + Level 1.1 Conjurations
 + Level 1.1 Hexes
 + Level 1.1 Summonings
 + Level 1.1 Necromancy
 + Level 1.1 Translocations
 + Level 3.9 Fire Magic
 + Level 1.1 Ice Magic
 + Level 1.1 Air Magic
 + Level 1.1 Earth Magic
 + Level 1.1 Alchemy
 + Level 1.6 Invocations
 + Level 8.6 Evocations
 + Level 1.3 Shapeshifting


You had 9 spell levels left.
You knew the following spells:

 Your Spells              Type           Power      Damage    Failure   Level
a - Foxfire               Conj/Fire      32%        2x1d5     8%          1

Your spell library contained the following spells:

 Spells                   Type           Power      Damage    Failure   Level
 Inner Flame              Hex/Fire       8%         N/A       24%         3

Inventory:

Hand Weapons
 a - a +0 dagger {short}
 h - a +3 dagger of holy wrath (weapon) {short}
   (You took it off a goblin on level 1 of the Dungeon)
Armour
 b - a +0 helmet (worn)
 d - a +0 robe (worn)
 n - a +0 cloak (worn)
   (You found it on level 1 of the Dungeon)
 o - a +0 pair of gloves (worn)
   (You found it on level 1 of the Dungeon)
Jewellery
 f - a ring of protection from cold (left hand)
   (You found it on level 1 of the Dungeon)
 j - a ring of poison resistance (right hand)
   (You found it on level 1 of the Dungeon)
Talismans
 g - a blade talisman
   (You found it on level 5 of the Dungeon)
Scrolls
 c - a scroll of blinking {!r}
 p - a scroll of immolation {!r!r}
Potions
 k - a potion of degeneration {!q@e2}
 l - a potion of curing {@q1}
 m - a potion of might
 s - a potion of magic {unknown}
Miscellaneous
 e - a lightning rod (inert)

Dungeon Overview and Level Annotations

Branches:
Dungeon (5/15) Zot: 21557  Temple (0/1) D:5

Altars:

Shops:
D:1 *?:([

Annotations:
D:3 1 runed translucent door
D:5 Pikel

*,*******,**,,,,,,,,,,,,,,
*,******#.##,,*,,,*,,,*,,,
*,,,,,,,#..#_,,,,,,,,,,,,,
************,#..#,,*,,,*,,,*,,,
*>,,,,,.,,,,,...*,,,,,,,,,,,,,,
*,,,,,,....*,#.5***************
*,***,,....*,#5#,,***** *
*,***,*,#...,#K#*,,,,,** *
*,,,,,*,#....#@#*****,,* *
*******,#....#.## **,** *
*,*,,#.$..######..#### *
*,*∆,#.#.....####.#### *
*,*,,#.##..#.####.#### *
*,*,,#,###.#.####..### *
*,*,<*,###...#####.###***
*,*,**,###............,,,
*,*,,,,###.###.####.##,,*


You could see Pikel and 2 lemures.


Message History

The sling bullet closely misses you.
The goblin shoots a sling bullet.
The sling bullet hits you but does no damage.
The jackal closely misses you.
You hit the jackal but do no damage. You bite the jackal, but do no damage.
The jackal bites you but does no damage.
The jackal barely misses you.
The goblin shoots a sling bullet.
The sling bullet barely misses you.
The goblin shoots a sling bullet.
The sling bullet misses you.
You hit the jackal. Your bite misses the jackal.
The jackal bites you but does no damage.
The jackal misses you.
A rat comes into view.
The goblin shoots a sling bullet.
The sling bullet misses you. The jackal barely misses you. 😕 HP[+1]
The jackal attacks as it pursues you!
The jackal bites you but does no damage.
The jackal barely misses you. The jackal attacks as it pursues you!
The jackal barely misses you. x2
The jackal bites you but does no damage. 😕 HP[+1]
The jackal pauses to sniff the ground.
The jackal attacks as it pursues you!
The jackal bites you but does no damage.
The goblin shoots a sling bullet.
The sling bullet closely misses you. The jackal attacks as it pursues you!
The jackal barely misses you.
The jackal bites you but does no damage.
The jackal barely misses you. The jackal misses you.
A malevolent force fills the Dungeon...
You fall into a shaft and drop 2 floors!
The shaft crumbles and collapses.
Found a staircase to the Ecumenical Temple. 😎 HP[+1]
Your hp is fully restored (40).
Found a robe and a fuming grey potion.
Found a stone staircase leading down.
As you read the scroll labelled KAMNUU AG HIM, it crumbles to dust.
You feel aware of your surroundings.
You sensed 1 altar.
It was a scroll of revelation.
Unknown command.
Unknown command.
A lemure comes into view.
The lemure shouts!
You hear a shout! x2
A lemure comes into view.
You hear a shout!
You see here a blade talisman.
g - a blade talisman Unknown command.
Aiming: Thunderbolt
Press: ? - help, Shift-Dir - straight line, f - lemure
Aim: a lemure The thunderbolt hits the lemure!!
You kill the lemure!
That felt strangely unrewarding.
The thunderbolt hits the lemure!!
The lightning rod overheats!
You hear an angry hiss.
The lemure hits you!
Pikel, Merchant of Souls comes into view.
He is wielding a +0 whip of freezing and carrying a wand of flame. 😕 HP[-7]
You take 7 damage, and now have 33/40 hp.
Okay, then.
Okay, then.
Okay, then.
Okay, then.
You feel very mighty all of a sudden. The lemure hits you but does no damage.
You puncture the lemure!
You kill the lemure!
That felt strangely unrewarding. 😕 HP[+1] Unknown command.
You hit Pikel.
Pikel hits you with a +0 whip of freezing!
Pikel freezes you. 😮 HP[-10]
You take 10 damage, and now have 24/40 hp.
MASSIVE DAMAGE!! (PAUSE)
You puncture Pikel!
Pikel zaps a wand.
The puff of flame hits you!
* * * LOW HITPOINT WARNING * * *
😨 HP[-11]
You take 11 damage, and now have 13/40 hp.
MASSIVE DAMAGE!! (PAUSE)
You puncture Pikel!
Pikel hits you with a +0 whip of freezing.
* * * LOW HITPOINT WARNING * * *
Pikel freezes you.
* * * LOW HITPOINT WARNING * * *
A lemure comes into view. 😱 HP[-6]
You take 6 damage, and now have 7/40 hp.
You closely miss Pikel. Pikel barely misses you.
A lemure comes into view. 😱 HP[+1] Unknown command.
You closely miss Pikel.
Pikel zaps a wand.
The puff of flame hits you!
You die...
Pikel says, "Another soul for the market."

Skill      XL: |  1  2  3 |
---------------+----------+-----
Invocations    | 1 |  1.6
Short Blades   | 1 |  1.4
Long Blades    | 1 |  1.4
Axes           | 1 |  1.4
Maces & Flails | 1 |  1.4
Polearms       | 1 |  1.4
Staves         | 1 |  1.4
Ranged Weapons | 1 |  1.4
Throwing       | 1 |  1.4
Armour         | 1 |  1.4
Dodging        | 1 |  1.4
Shields        | 1 |  1.4
Unarmed Combat | 1 |  1.4
Spellcasting   | 3 |  3.1
Conjurations   | 1 |  1.1
Hexes          | 1 |  1.1
Summonings     | 1 |  1.1
Necromancy     | 1 |  1.1
Translocations | 1 |  1.1
Ice Magic      | 1 |  1.1
Air Magic      | 1 |  1.1
Earth Magic    | 1 |  1.1
Alchemy        | 1 |  1.1
Shapeshifting  | 1 |  1.3
Fighting       | |  2.9
Stealth        | |  4.4
Fire Magic     | |  3.9
Evocations     | |  8.6

Action                     |  1- 3 |  4- 6 || total
---------------------------+-------+-------++-------
  Melee: Dagger            |   115 |    48 ||   163
         Bite              |    12 |     3 ||    15
   Cast: Foxfire           |     3 |       ||     3
  Evoke: Lightning rod     |     2 |     3 ||     5
    Use: Scroll            |       |     7 ||     7
         Potion            |       |     1 ||     1
   Stab: Sleeping          |    11 |     1 ||    12
 Armour: Robe              |    61 |    42 ||   103
  Dodge: Dodged            |    52 |    47 ||    99

Levels and vault maps discovered:
D:1:      lemuel_arrival_lava_pool, layout_loops_corners, serial_shops, shop,
          shop, nicolae_shop_tiny_statue_garden, shop, shop,
          minmay_misc_feat_rows
D:2:      layout_loops_ring, hellmonk_ecumenical_altar_blasted, uniq_jessica
D:3:      layout_basic, ebering_ghost_sewer_f, chequers_garden,
          nicolae_elevator_lobby_asterisk
D:5:      layout_basic, lemuel_coloured_pillars_altar,
          minmay_temple_entry_from_below_a, uniq_pikel

Notes
Turn   | Place    | Note
-------+----------+-------------------------------------------
     0 | D:1      | Zonian the Gnoll Wanderer began the quest for the Orb.
     0 | D:1      | Zonian set off with the following items: a +0 dagger
                  | {short}, a +0 helmet, a scroll of blinking {!r}, a +0 robe,
                  | a lightning rod (4/4); and the following spell memorised:
                  | Foxfire; and the following spells available to memorise:
                  | Inner Flame.
     0 | D:1      | Reached XP level 1. HP: 17/17 MP: 4/4
     0 | D:1      | magus.rc [v1.9.6]
   147 | D:1      | Found Foco's Magic Scroll Shoppe.
   156 | D:1      | Reached XP level 2. HP: 22/23 MP: 5/5
   476 | D:1      | Found Xiyqatipn's Antique Weapon Shoppe.
   501 | D:1      | Found Hifferre's Book Emporium.
   543 | D:1      | Found Gihicave's Assorted Antiques.
   607 | D:1      | Found Koloi's Armour Shoppe.
   912 | D:2      | Found a faded altar of an unknown god.
   915 | D:2      | Reached XP level 3. HP: 28/28 MP: 7/7
   979 | D:2      | Reached skill level 1 in Invocations
  1075 | D:2      | Reached skill level 1 in Short Blades
  1075 | D:2      | Reached skill level 1 in Long Blades
  1075 | D:2      | Reached skill level 1 in Axes
  1075 | D:2      | Reached skill level 1 in Maces & Flails
  1075 | D:2      | Reached skill level 1 in Polearms
  1075 | D:2      | Reached skill level 1 in Staves
  1075 | D:2      | Reached skill level 1 in Ranged Weapons
  1075 | D:2      | Reached skill level 1 in Throwing
  1075 | D:2      | Reached skill level 1 in Armour
  1075 | D:2      | Reached skill level 1 in Dodging
  1075 | D:2      | Reached skill level 1 in Shields
  1075 | D:2      | Reached skill level 1 in Unarmed Combat
  1348 | D:2      | Noticed Jessica
  1470 | D:2      | HP: 7/28 [Jessica/nerve-wracking pain (10)]
  1471 | D:2      | Killed Jessica
  1472 | D:2      | Reached skill level 3 in Spellcasting
  1472 | D:2      | Reached skill level 1 in Conjurations
  1472 | D:2      | Reached skill level 1 in Hexes
  1472 | D:2      | Reached skill level 1 in Summonings
  1472 | D:2      | Reached skill level 1 in Necromancy
  1472 | D:2      | Reached skill level 1 in Translocations
  1472 | D:2      | Reached skill level 1 in Ice Magic
  1472 | D:2      | Reached skill level 1 in Air Magic
  1472 | D:2      | Reached skill level 1 in Earth Magic
  1472 | D:2      | Reached skill level 1 in Alchemy
  1472 | D:2      | Reached skill level 1 in Shapeshifting
  1472 | D:2      | Reached XP level 4. HP: 9/34 MP: 8/8
  1713 | D:2      | HP: 6/34 [gnoll/+0 club (7)]
  1717 | D:2      | Reached XP level 5. HP: 8/40 MP: 9/9
  2353 | D:3      | Found a runed translucent door.
  2375 | D:3      | You fall into a shaft and drop 2 floors!
  2375 | D:5      | Entered Level 5 of the Dungeon
  2375 | D:5      | Found a staircase to the Ecumenical Temple.
  2440 | D:5      | Noticed a lemure
  2440 | D:5      | Noticed a lemure
  2443 | D:5      | Killed a lemure
  2443 | D:5      | Noticed Pikel
  2445 | D:5      | Killed a lemure
  2449 | D:5      | HP: 8/40 [Pikel/+0 whip of freezing (5)]
  2449 | D:5      | Noticed a lemure
  2450 | D:5      | Noticed a lemure
  2451 | D:5      | Killed from afar by Pikel

Vanquished Creatures
  2 lemures (D:5)
  Jessica (D:2)
  4 gnolls (D:2)
  An adder (D:2)
  A dart slug (D:1)
  2 ribbon worms (D:2)
  6 ball pythons
  2 endoplasms
  4 giant cockroaches
  2 goblins (D:1)
  4 hobgoblins
  5 jackals
  A quokka (D:2)
  6 bats
  3 frilled lizards
  A kobold (D:2)
  5 rats
50 creatures vanquished.

Vanquished Creatures (others)
  5 foxfires (D:2)
5 creatures vanquished.

Grand Total: 55 creatures vanquished

Table legend:
 A = Non-vault XP
 B = Vault XP
 C = Vault XP percentage of total XP
 D = Non-vault monster count
 E = Vault monster count
 F = Vault count percentage of total count
                 A         B        C        D         E       F
            +---------+---------+-------+---------+---------+-------
      Total |     148 |      37 |  20.0 |      47 |       1 |   2.1
            +---------+---------+-------+---------+---------+-------
        D:1 |      28 |       0 |   0.0 |      16 |       0 |   0.0
        D:2 |     108 |      37 |  25.5 |      24 |       1 |   4.0
        D:3 |      12 |       0 |   0.0 |       7 |       0 |   0.0
            +---------+---------+-------+---------+---------+-------

Skill      XL: |  1  2  3 |
---------------+----------+-----
Invocations    | 1 |  1.6
Short Blades   | 1 |  1.4
Long Blades    | 1 |  1.4
Axes           | 1 |  1.4
Maces & Flails | 1 |  1.4
Polearms       | 1 |  1.4
Staves         | 1 |  1.4
Ranged Weapons | 1 |  1.4
Throwing       | 1 |  1.4
Armour         | 1 |  1.4
Dodging        | 1 |  1.4
Shields        | 1 |  1.4
Unarmed Combat | 1 |  1.4
Spellcasting   | 3 |  3.1
Conjurations   | 1 |  1.1
Hexes          | 1 |  1.1
Summonings     | 1 |  1.1
Necromancy     | 1 |  1.1
Translocations | 1 |  1.1
Ice Magic      | 1 |  1.1
Air Magic      | 1 |  1.1
Earth Magic    | 1 |  1.1
Alchemy        | 1 |  1.1
Shapeshifting  | 1 |  1.3
Fighting       | |  2.9
Stealth        | |  4.4
Fire Magic     | |  3.9
Evocations     | |  8.6

Action                     |  1- 3 |  4- 6 || total
---------------------------+-------+-------++-------
  Melee: Dagger            |   115 |    48 ||   163
         Bite              |    12 |     3 ||    15
   Cast: Foxfire           |     3 |       ||     3
  Evoke: Lightning rod     |     2 |     3 ||     5
    Use: Scroll            |       |     7 ||     7
         Potion            |       |     1 ||     1
   Stab: Sleeping          |    11 |     1 ||    12
 Armour: Robe              |    61 |    42 ||   103
  Dodge: Dodged            |    52 |    47 ||    99

Illustrated notes

Table legend:
 A = Kills in this place as a percentage of kills in the entire game.
 B = Kills by you in this place as a percentage of kills by you in the entire game.
 C = Kills by friends in this place as a percentage of kills by friends in the entire game.
 D = Other kills in this place as a percentage of other kills in the entire game.
 E = Experience gained in this place as a percentage of experience gained in the entire game.
 F = Experience gained in this place divided by the number of levels of this place that you have seen.
                   A       B       C       D       E      F
               +-------+-------+-------+-------+-------+----------------------
         Total | 100.0 | 100.0 |   N/A |   N/A | 100.0 |  46.2
       Dungeon | 100.0 | 100.0 |   N/A |   N/A | 100.0 |  46.2
               +-------+-------+-------+-------+-------+----------------------

Table legend: (Time is in decaauts)
 A = Elapsed time spent in this place.
 B = Non-inter-level travel time spent in this place.
 C = Inter-level travel time spent in this place.
 D = Time resting spent in this place.
 E = Time spent auto-exploring this place.
 F = Levels seen in this place.
 G = Mean time per level.
                   A        B        C        D        E       F      G
               +--------+--------+--------+--------+--------+-----+--------+
         Total |   2442 |   2407 |     35 |    524 |   1305 |   4 |  610.5 |
       Dungeon |   2442 |   2407 |     35 |    524 |   1305 |   4 |  610.5 |
               +--------+--------+--------+--------+--------+-----+--------+

Top non-repeatable levels by time:
     D:2: 1334 daAuts
     D:1: 838 daAuts
     D:3: 193 daAuts
     D:5: 75 daAuts
